cohdb
Replays
Latest Replays
All Replays
Popular Replays
Top Player Replays
Match Explorer
How It Works
Community
CoH3 Stats
Reddit
Sign in to upload your games and track your stats! →
Sign in with Steam
Match 42239301
Unlisted
Match 42239301
Overview
Messages
Build Orders
End
Construct Infanterie Kompanie
Kettenkrad Recon Vehicle
Selects Terror Battlegroup
Selects Machine Gun Camouflage
MG 42 Machine Gun Team
Grenadier Squad
Grenadier Squad
Selects Interrogate
Construct Luftwaffe Kompanie
Construct Panzergrenadier Kompanie
Panzergrenadier Squad
251 Medium Carrier
Support Elements
Nebelwerfer 42 Rocket Launcher Team
StuG III G Assault Gun
Nebelwerfer 42 Rocket Launcher Team
Forward Retreat Point
Selects Jericho Trumpet
StuG III G Assault Gun
Panzergrenadier Officer Quarters
Side Skirts
MG 42 Machine Gun Team
StuG III G Assault Gun
Jericho Trumpet
Pioneer Squad
Repair Bunker
StuG III G Assault Gun
StuG III G Assault Gun
Forward Retreat Point
Selects V1 Rocket Strike
Selects Defend the Fatherland
Pioneer Squad
Kettenkrad Recon Vehicle
V1 Rocket Strike
Jericho Trumpet
StuG III G Assault Gun
Construct Luftwaffe Kompanie
Construct Luftwaffe Kompanie
Kettenkrad Recon Vehicle
V1 Rocket Strike
251 Medium Carrier
Wirbelwind Flakpanzer
Selects King Tiger Heavy Tank
仙台葉月@宮城のけち
BUGII
SuurSaadik
makke
Kanade
moemoe
T-800SEP
TheMallis
0
0
Comments
sign in to comment!
No comments posted yet!